 Dungeon Crawl Stone Soup version 0.31-a0-344-gd109795599 (webtiles) character file.

Game seed: 13676971121698028167

9 Yume the Sneak (level 2, -1/29 HPs)
             Began as a Troll Delver on July 22, 2023.
             Succumbed to a scorpion's poison
             ... on level 4 of the Dungeon.
             The game lasted 00:04:38 (338 turns).

Yume the Sneak (Troll Delver)                        Turns: 338, Time: 00:04:38

Health: -1/29      AC:  4    Str: 19    XL:     2   Next: 6%
Magic:  1/1        EV:  9    Int:  6    God:
Gold:   0          SH:  0    Dex: 11    Spells: 1/1 levels left

rFire   . .          .
                       - Unarmed
rCold   . . .        (no shield)
rNeg    . . .        a - +0 robe
rPois   .            (helmet restricted)
rElec   .            (no cloak)
rCorr   .            (gloves unavailable)
SInv    .            (boots unavailable)
Will    .....        (no amulet)
Stlth   ++           (no ring)
HPRegen 1.04/turn    (no ring)
MPRegen 0.07/turn

%: no passive effects
@: lethally poisoned (-1 -> -17), hasted, very quick
A: large, unfitting armour, claws 3, regeneration 1, shaggy fur 1, tough skin 1
a: no special abilities


You were on level 4 of the Dungeon.
You visited 1 branch of the dungeon, and saw 2 of its levels.


Innate Abilities, Weirdness & Mutations

You are too large for most types of armour.
You have claws for hands.
Your natural rate of healing is unusually fast.
You are covered in fur. (AC +1)
You have tough skin. (AC +1)


   Skills:
 + Level 2.5 Fighting
 - Level 1.5 Dodging
 + Level 2.8 Stealth
 * Level 2.4 Unarmed Combat


You had one spell level left.
You didn't know any spells.
Your spell library was empty.

Inventory:

Armour
 a - a +0 robe (worn)
Wands
 f - a wand of digging (3)
Scrolls
 b - a scroll of fog
 c - a scroll of identify {unknown}
 d - a scroll of fear
Potions
 e - a potion of haste {@q3}

Dungeon Overview and Level Annotations

Branches:
Dungeon (5/15) Zot: 11665
 Temple: D:4-7

Altars:

## #######.Y## ..
........... # # #.##
###........ #.#.
...######.###.###
..# ###......#.# #.#
...#$.......#.###.#
#.#.##.............#
#.s.##.......# ###.#
#@##.......# #.. #.
#.####.##..# ###
#...###.####.##..# #
#............##..#
###.###########..#
#..# #..#######
#.........
#########.########


You could see a scorpion.


Message History

The floor.
You closely miss the scorpion. The scorpion barely misses you.
You scratch the scorpion.
The scorpion is lightly wounded.
You feel sick.
You scratch the scorpion.
The scorpion is moderately wounded.
You feel sick. The scorpion stings you.
You are more poisoned.
The scorpion poisons you!
You take 5 damage, and have 19/29 hp.
You barely miss the scorpion.
The scorpion is moderately wounded.
You feel sick. The scorpion stings you!
* * * LOW HITPOINT WARNING * * *
You take 9 damage, and have 10/29 hp.
MASSIVE DAMAGE!!
You scratch the scorpion.
The scorpion is heavily wounded.
You feel sick.
You take 1 damage, and have 9/29 hp.
You scratch the scorpion but do no damage.
The scorpion is heavily wounded.
You feel sick. The scorpion stings you.
* * * LOW HITPOINT WARNING * * *
You are more poisoned.
The scorpion poisons you!
You take 6 damage, and have 3/29 hp.
MASSIVE DAMAGE!!
You scratch the scorpion.
The scorpion is severely wounded.
You die...

Action                     || total
---------------------------++-------
  Melee: Unarmed           ||    19
    Use: Scroll            ||     1
         Potion            ||     1
   Stab: Sleeping          ||     1
 Armour: Robe              ||     5
  Dodge: Dodged            ||     6

Levels and vault maps discovered:
D:4:      layout_loops_ring, minmay_temple_entry_drinking_statues,
          kennysheep_generic_room_12
D:5:      cheibrodos_iron_armory, layout_cave_pools, biasface_ghost_orc_armoury,
          dreamdust_mushroom_princess

Notes
Turn   | Place    | Note
-------+----------+-------------------------------------------
     0 | D:5      | Yume the Troll Delver began the quest for the Orb.
     0 | D:5      | Reached XP level 1. HP: 22/22 MP: 0/0
     8 | D:5      | Noticed an ogre
   223 | D:4      | Reached XP level 2. HP: 29/29 MP: 1/1
   235 | D:4      | Noticed a sky beast
   328 | D:4      | Noticed a scorpion
   338 | D:4      | Succumbed to a scorpion's poison

Vanquished Creatures
  An ufetubus (D:4)
  2 hobgoblins (D:4)
  2 goblins (D:4)
5 creatures vanquished.

Table legend: (Time is in decaauts)
 A = Elapsed time spent in this place.
 B = Non-inter-level travel time spent in this place.
 C = Inter-level travel time spent in this place.
 D = Time resting spent in this place.
 E = Time spent auto-exploring this place.
 F = Levels seen in this place.
 G = Mean time per level.
                   A        B        C        D        E       F      G
               +--------+--------+--------+--------+--------+-----+--------+
         Total |    334 |    258 |     76 |      9 |      0 |   2 |  167.0 |
       Dungeon |    334 |    258 |     76 |      9 |      0 |   2 |  167.0 |
               +--------+--------+--------+--------+--------+-----+--------+

Top non-repeatable levels by time:
     D:4: 322 daAuts
     D:5: 12 daAuts

Table legend:
 A = Non-vault XP
 B = Vault XP
 C = Vault XP percentage of total XP
 D = Non-vault monster count
 E = Vault monster count
 F = Vault count percentage of total count
                 A         B        C        D         E       F
            +---------+---------+-------+---------+---------+-------
      Total |      14 |       0 |   0.0 |       5 |       0 |   0.0
            +---------+---------+-------+---------+---------+-------
        D:4 |      14 |       0 |   0.0 |       5 |       0 |   0.0
            +---------+---------+-------+---------+---------+-------
